[ AOE2 MATCH · #483103574 ]
UnrankedBritons vs None
Player's team · LOSS
Rival team · WIN
[ REPLAY ANALYSIS · EXTRACTED FROM THE RECORDED GAME ]
Feudal
14:45
Castle
23:10
Imperial
40:59
| APM avg | 18.8 |
| APM peak | 62 |
| eAPM avg | 10.3 |
| Villagers / military | 156 / 418 |
Focus
⚔️ 33.8% · 🌾 66.2%
Longbowman ×175 · Militia ×110 · Spearman ×103 · Trebuchet (Packed) ×15 · Battering Ram ×14 · Monk ×1
Feudal
16:52
Castle
25:11
Imperial
66:34
| APM avg | 21.9 |
| APM peak | 87 |
| eAPM avg | 17.4 |
| Villagers / military | 283 / 850 |
Focus
⚔️ 58.8% · 🌾 41.2%
Spearman ×567 · Knight ×110 · Scorpion ×101 · Archer ×27 · Trade Cart ×15 · Cavalry Archer ×15
Feudal
—
Castle
—
Imperial
—
| APM avg | 0.5 |
| APM peak | 44 |
| eAPM avg | 0.1 |
| Villagers / military | 0 / 0 |
Focus
⚔️ 0.0% · 🌾 100.0%
Feudal
14:08
Castle
26:27
Imperial
40:29
| APM avg | 21.6 |
| APM peak | 83 |
| eAPM avg | 14.4 |
| Villagers / military | 106 / 731 |
Focus
⚔️ 57.0% · 🌾 43.0%
Skirmisher ×399 · Knight ×111 · Militia ×107 · Spearman ×36 · Teutonic Knight ×26 · Bombard Cannon ×15
Feudal
—
Castle
—
Imperial
—
| APM avg | 21.6 |
| APM peak | 61 |
| eAPM avg | 15.6 |
| Villagers / military | 347 / 1952 |
Focus
⚔️ 51.5% · 🌾 48.5%
Spearman ×705 · Chu Ko Nu ×607 · Skirmisher ×254 · Militia ×198 · Iron Pagoda ×72 · Battering Ram ×54
Feudal
17:31
Castle
—
Imperial
—
| APM avg | 2.8 |
| APM peak | 69 |
| eAPM avg | 0.2 |
| Villagers / military | 3 / 0 |
Focus
⚔️ 0.0% · 🌾 100.0%
Feudal
16:10
Castle
20:44
Imperial
—
| APM avg | 7.7 |
| APM peak | 50 |
| eAPM avg | 3.5 |
| Villagers / military | 69 / 55 |
Focus
⚔️ 26.3% · 🌾 73.7%
Militia ×20 · War Wagon ×20 · Scorpion ×7 · Battering Ram ×7 · Iron Pagoda ×1
Feudal
13:40
Castle
18:29
Imperial
37:25
| APM avg | 10.4 |
| APM peak | 70 |
| eAPM avg | 6.7 |
| Villagers / military | 154 / 141 |
Focus
⚔️ 29.1% · 🌾 70.9%
Scout Cavalry ×79 · Battering Ram ×19 · Scorpion ×18 · Mangudai ×15 · Mangonel ×4 · Steppe Lancer ×3
Match map
Initial resources + every placement click. Lines = walls · curves = elevation contours. ◆ gold · ⬟ stone · ● berries · ✦ relic · ◌ wall gap
Your base· Open — unwalled flank
ianlu2's base· Open — unwalled flank
nahuelAOE2's base· Open — 6t gap
BumpDiRythM's base· Open — unwalled flank
David65423's base· Open — unwalled flank
Unconet el chileno justiciero's base· Open — 7t gap
Setren's base· Open — 10t gap
Lacoste's base· Open — unwalled flank
Smoothed initial terrain · ◌ = detected wall gap · hover for details
Inputs per minute
— iKhorzo - - ianlu2
Build order — iKhorzo
First 150 of 536 actions detected
| 0:40 | Build | Town Center |
| 2:57 | Create | Villager (Male) |
| 2:57 | Create | Villager (Male) |
| 2:58 | Create | Villager (Male) |
| 3:10 | Build | House |
| 3:25 | Create | Villager (Male) |
| 4:36 | Research | Loom |
| 4:51 | Build | House |
| 4:56 | Create | Villager (Male) |
| 4:56 | Create | Villager (Male) |
| 5:18 | Create | Villager (Male) |
| 5:23 | Build | House |
| 5:49 | Create | Villager (Male) |
| 5:50 | Create | Villager (Male) |
| 5:50 | Create | Villager (Male) |
| 6:29 | Create | Villager (Male) |
| 7:07 | Create | Villager (Male) |
| 7:20 | Build | Mill |
| 7:26 | Create | Villager (Male) |
| 7:42 | Create | Villager (Male) |
| 8:02 | Create | Villager (Male) |
| 8:03 | Create | Villager (Male) |
| 8:36 | Create | Villager (Male) |
| 8:36 | Create | Villager (Male) |
| 8:37 | Create | Villager (Male) |
| 9:17 | Create | Villager (Male) |
| 9:27 | Create | Villager (Male) |
| 9:31 | Build | House |
| 10:00 | Build | Mill |
| 10:08 | Create | Villager (Male) |
| 10:39 | Build | Mining Camp |
| 10:54 | Create | Villager (Male) |
| 11:07 | Create | Villager (Male) |
| 11:34 | Create | Villager (Male) |
| 11:55 | Build | House |
| 11:59 | Create | Villager (Male) |
| 12:29 | Build | Barracks |
| 12:35 | Research | Feudal Age |
| 12:36 | Research | Feudal Age |
| 13:21 | Build | Farm |
| 13:22 | Build | Farm |
| 13:23 | Build | Farm |
| 13:24 | Build | Farm |
| 14:45 | Age | Feudal Age |
| 14:49 | Build | Stone Wall |
| 14:54 | Build | Gate |
| 14:56 | Create | Villager (Male) |
| 14:56 | Create | Villager (Male) |
| 15:18 | Build | Lumber Camp |
| 15:33 | Create | Villager (Male) |
| 15:39 | Build | Stone Wall |
| 15:49 | Build | Mining Camp |
| 16:07 | Create | Villager (Male) |
| 16:17 | Build | Market |
| 16:20 | Create | Villager (Male) |
| 16:25 | Build | House |
| 16:33 | Research | Double-Bit Axe |
| 16:33 | Research | Double-Bit Axe |
| 16:36 | Research | Horse Collar |
| 16:36 | Research | Horse Collar |
| 17:20 | Create | Villager (Male) |
| 17:20 | Create | Villager (Male) |
| 17:36 | Build | Blacksmith |
| 17:54 | Build | Stone Wall |
| 17:59 | Build | Gate |
| 18:01 | Create | Villager (Male) |
| 18:20 | Build | Stone Wall |
| 18:36 | Build | Mining Camp |
| 18:37 | Create | Villager (Male) |
| 18:42 | Build | Farm |
| 18:44 | Build | Farm |
| 19:01 | Create | Villager (Male) |
| 19:05 | Build | House |
| 19:32 | Create | Villager (Male) |
| 19:52 | Create | Villager (Male) |
| 20:20 | Build | Gate |
| 20:30 | Research | Castle Age |
| 20:30 | Research | Castle Age |
| 20:35 | Research | Gold Mining |
| 20:35 | Research | Stone Mining |
| 20:40 | Research | Stone Mining |
| 20:41 | Research | Stone Mining |
| 21:09 | Create | Spearman |
| 21:10 | Create | Spearman |
| 21:10 | Create | Spearman |
| 21:58 | Build | Gate |
| 22:01 | Build | Stone Wall |
| 22:14 | Create | Spearman |
| 22:21 | Research | Scale Mail Armor |
| 22:32 | Create | Villager (Male) |
| 22:38 | Create | Spearman |
| 23:07 | Create | Spearman |
| 23:10 | Age | Castle Age |
| 23:14 | Create | Villager (Male) |
| 23:48 | Build | Gate |
| 23:52 | Create | Villager (Male) |
| 23:54 | Build | Town Center |
| 23:58 | Build | Town Center |
| 24:06 | Build | House |
| 24:07 | Build | House |
| 24:09 | Build | House |
| 24:11 | Build | House |
| 24:12 | Build | House |
| 24:13 | Build | House |
| 24:33 | Research | Wheelbarrow |
| 24:33 | Research | Wheelbarrow |
| 25:24 | Build | Town Center |
| 25:26 | Create | Villager (Male) |
| 25:29 | Create | Villager (Male) |
| 25:32 | Create | Villager (Male) |
| 25:34 | Build | Farm |
| 25:34 | Build | Farm |
| 25:35 | Build | Farm |
| 26:04 | Build | Castle |
| 26:09 | Create | Villager (Male) |
| 26:09 | Create | Villager (Male) |
| 26:21 | Build | Farm |
| 26:21 | Build | Farm |
| 26:21 | Build | Farm |
| 26:21 | Build | Farm |
| 26:22 | Build | Farm |
| 26:22 | Build | Farm |
| 26:30 | Build | Farm |
| 26:30 | Build | Farm |
| 26:30 | Build | Farm |
| 26:32 | Create | Villager (Male) |
| 26:38 | Build | Farm |
| 26:44 | Build | Farm |
| 26:48 | Create | Villager (Male) |
| 26:54 | Build | Farm |
| 26:55 | Build | Farm |
| 26:58 | Build | House |
| 26:59 | Build | House |
| 27:32 | Create | Villager (Male) |
| 27:33 | Create | Villager (Male) |
| 27:34 | Create | Villager (Male) |
| 27:43 | Build | Lumber Camp |
| 27:46 | Create | Villager (Male) |
| 27:48 | Create | Villager (Male) |
| 27:51 | Create | Villager (Male) |
| 28:21 | Research | Hand Cart |
| 28:23 | Create | Villager (Male) |
| 28:27 | Build | Farm |
| 28:37 | Create | Villager (Male) |
| 28:38 | Create | Villager (Male) |
| 28:53 | Create | Villager (Male) |
| 28:57 | Create | Villager (Male) |
| 28:58 | Create | Villager (Male) |
| 29:01 | Build | Farm |
| 29:03 | Create | Villager (Male) |
Build order — ianlu2
First 150 of 1519 actions detected
| 2:07 | Build | Town Center |
| 4:30 | Research | Loom |
| 4:30 | Create | Villager (Male) |
| 4:31 | Create | Villager (Male) |
| 4:31 | Create | Villager (Male) |
| 4:31 | Create | Villager (Male) |
| 4:34 | Build | House |
| 4:35 | Build | House |
| 6:16 | Create | Villager (Male) |
| 7:01 | Create | Villager (Male) |
| 7:01 | Create | Villager (Male) |
| 7:26 | Create | Villager (Male) |
| 7:57 | Create | Villager (Male) |
| 7:57 | Create | Villager (Male) |
| 8:25 | Create | Villager (Male) |
| 8:39 | Build | House |
| 8:42 | Build | House |
| 9:40 | Create | Villager (Male) |
| 9:40 | Create | Villager (Male) |
| 9:41 | Create | Villager (Male) |
| 9:48 | Build | Mining Camp |
| 10:23 | Create | Villager (Male) |
| 11:03 | Create | Villager (Male) |
| 11:03 | Create | Villager (Male) |
| 11:03 | Create | Villager (Male) |
| 11:04 | Create | Villager (Male) |
| 12:03 | Create | Villager (Male) |
| 12:03 | Create | Villager (Male) |
| 12:03 | Create | Villager (Male) |
| 12:03 | Create | Villager (Male) |
| 12:14 | Build | Mill |
| 13:10 | Create | Villager (Male) |
| 13:11 | Create | Villager (Male) |
| 13:13 | Create | Villager (Male) |
| 13:14 | Create | Villager (Male) |
| 13:14 | Create | Villager (Male) |
| 13:35 | Build | Barracks |
| 14:42 | Research | Feudal Age |
| 14:54 | Build | House |
| 14:55 | Build | House |
| 15:23 | Build | Farm |
| 16:05 | Build | Farm |
| 16:40 | Build | Farm |
| 16:52 | Age | Feudal Age |
| 16:53 | Build | Farm |
| 16:57 | Create | Villager (Male) |
| 16:57 | Create | Villager (Male) |
| 16:57 | Create | Villager (Male) |
| 16:57 | Create | Villager (Male) |
| 17:12 | Build | Archery Range |
| 17:23 | Build | Blacksmith |
| 17:56 | Build | Lumber Camp |
| 18:03 | Research | Horse Collar |
| 18:07 | Build | Farm |
| 18:09 | Build | Farm |
| 18:17 | Build | Farm |
| 18:20 | Build | Farm |
| 18:52 | Create | Villager (Male) |
| 18:56 | Research | Double-Bit Axe |
| 19:18 | Build | Stable |
| 20:32 | Build | House |
| 20:33 | Build | House |
| 20:35 | Build | House |
| 20:37 | Build | House |
| 20:56 | Build | Farm |
| 22:27 | Build | Outpost |
| 22:31 | Research | Castle Age |
| 22:38 | Build | Mining Camp |
| 22:52 | Create | Archer |
| 22:53 | Create | Archer |
| 22:53 | Create | Archer |
| 22:53 | Create | Archer |
| 22:53 | Create | Archer |
| 22:53 | Create | Archer |
| 22:54 | Create | Archer |
| 22:54 | Create | Archer |
| 22:54 | Create | Archer |
| 22:54 | Create | Archer |
| 22:54 | Create | Archer |
| 22:55 | Create | Archer |
| 22:55 | Create | Archer |
| 22:57 | Create | Skirmisher |
| 22:57 | Create | Skirmisher |
| 22:57 | Create | Skirmisher |
| 22:57 | Create | Skirmisher |
| 23:14 | Research | Man-at-Arms (upgrade) |
| 23:16 | Create | Militia |
| 23:29 | Build | Farm |
| 24:05 | Build | Stone Wall |
| 24:30 | Create | Scout Cavalry |
| 24:32 | Create | Scout Cavalry |
| 25:09 | Create | Villager (Male) |
| 25:09 | Create | Villager (Male) |
| 25:09 | Create | Villager (Male) |
| 25:10 | Create | Villager (Male) |
| 25:10 | Create | Villager (Male) |
| 25:11 | Create | Villager (Male) |
| 25:11 | Age | Castle Age |
| 25:16 | Build | Town Center |
| 26:01 | Build | Gate |
| 26:24 | Build | Siege Workshop |
| 26:43 | Research | Crossbowman (upgrade) |
| 26:49 | Research | Gambesons |
| 26:49 | Research | Arson |
| 26:56 | Create | Villager (Male) |
| 26:56 | Create | Villager (Male) |
| 26:56 | Create | Villager (Male) |
| 26:57 | Create | Villager (Male) |
| 27:05 | Build | Farm |
| 28:11 | Research | Heavy Plow |
| 28:17 | Create | Villager (Male) |
| 28:17 | Create | Villager (Male) |
| 28:18 | Create | Villager (Male) |
| 28:31 | Build | Stone Wall |
| 28:36 | Build | Gate |
| 28:40 | Create | Villager (Male) |
| 28:40 | Create | Villager (Male) |
| 28:40 | Create | Villager (Male) |
| 28:40 | Create | Villager (Male) |
| 29:17 | Create | Villager (Male) |
| 29:17 | Create | Villager (Male) |
| 29:18 | Create | Villager (Male) |
| 29:22 | Build | Farm |
| 30:06 | Create | Knight |
| 30:06 | Create | Knight |
| 30:06 | Create | Knight |
| 30:06 | Create | Knight |
| 31:29 | Build | Castle |
| 31:33 | Create | Battering Ram |
| 31:33 | Create | Battering Ram |
| 31:44 | Research | Fletching |
| 31:44 | Research | Padded Archer Armor |
| 31:47 | Research | Long Swordsman (upgrade) |
| 31:54 | Research | Elite Skirmisher (upgrade) |
| 31:57 | Research | Crossbowman (upgrade) |
| 31:58 | Create | Archer |
| 31:59 | Create | Archer |
| 31:59 | Create | Archer |
| 31:59 | Create | Archer |
| 31:59 | Create | Archer |
| 32:00 | Create | Archer |
| 32:00 | Create | Archer |
| 32:18 | Create | Villager (Male) |
| 32:18 | Create | Villager (Male) |
| 32:23 | Build | Farm |
| 32:24 | Build | Farm |
| 32:25 | Build | Farm |
| 32:27 | Build | Farm |
| 32:48 | Create | Archer |
| 32:48 | Create | Archer |
Build order — nahuelAOE2
2 actions detected in the replay
| 1:10 | Build | Town Center |
| 2:45 | Build | House |
Build order — BumpDiRythM
First 150 of 1103 actions detected
| 1:35 | Build | Town Center |
| 2:10 | Build | House |
| 3:50 | Create | Villager (Male) |
| 3:50 | Create | Villager (Male) |
| 3:50 | Create | Villager (Male) |
| 3:51 | Create | Villager (Male) |
| 3:51 | Create | Villager (Male) |
| 5:10 | Create | Villager (Male) |
| 5:21 | Build | House |
| 6:06 | Build | Lumber Camp |
| 6:09 | Create | Villager (Male) |
| 6:25 | Create | Villager (Male) |
| 7:13 | Create | Villager (Male) |
| 7:42 | Research | Loom |
| 8:06 | Create | Villager (Male) |
| 8:09 | Create | Villager (Male) |
| 8:27 | Create | Villager (Male) |
| 8:59 | Create | Villager (Male) |
| 9:31 | Build | Mill |
| 9:44 | Build | House |
| 9:48 | Create | Villager (Male) |
| 10:30 | Create | Villager (Male) |
| 10:45 | Create | Villager (Male) |
| 10:48 | Create | Villager (Male) |
| 11:30 | Build | House |
| 11:43 | Build | Mining Camp |
| 11:53 | Research | Feudal Age |
| 14:08 | Age | Feudal Age |
| 14:46 | Build | Watch Tower |
| 14:50 | Create | Villager (Male) |
| 14:51 | Create | Villager (Male) |
| 15:03 | Build | Barracks |
| 15:10 | Research | Double-Bit Axe |
| 15:24 | Create | Villager (Male) |
| 15:35 | Build | Farm |
| 15:38 | Build | Farm |
| 15:49 | Build | Watch Tower |
| 16:04 | Create | Villager (Male) |
| 16:07 | Build | Farm |
| 16:20 | Build | Farm |
| 16:22 | Create | Villager (Male) |
| 16:40 | Build | Watch Tower |
| 16:51 | Create | Villager (Male) |
| 17:35 | Build | Watch Tower |
| 17:41 | Create | Villager (Male) |
| 17:42 | Create | Villager (Male) |
| 17:44 | Build | Farm |
| 17:49 | Build | House |
| 17:52 | Create | Villager (Male) |
| 18:08 | Build | House |
| 18:25 | Build | Mill |
| 18:35 | Build | Blacksmith |
| 18:38 | Create | Villager (Male) |
| 18:49 | Create | Villager (Male) |
| 18:53 | Build | Farm |
| 19:24 | Build | Market |
| 19:29 | Build | Farm |
| 19:31 | Create | Villager (Male) |
| 19:39 | Build | House |
| 19:44 | Build | Palisade Wall |
| 19:49 | Build | Farm |
| 19:51 | Create | Villager (Male) |
| 20:22 | Build | Palisade Wall |
| 20:30 | Create | Villager (Male) |
| 20:31 | Create | Villager (Male) |
| 20:36 | Build | Mining Camp |
| 20:54 | Build | House |
| 20:57 | Build | Palisade Wall |
| 21:03 | Build | House |
| 21:44 | Build | Outpost |
| 21:51 | Build | Farm |
| 21:58 | Build | Palisade Wall |
| 22:04 | Create | Villager (Male) |
| 22:19 | Build | Palisade Wall |
| 22:22 | Build | House |
| 22:39 | Build | Farm |
| 22:46 | Build | Mill |
| 23:14 | Build | Farm |
| 23:16 | Create | Villager (Male) |
| 23:28 | Build | House |
| 23:42 | Build | Farm |
| 23:45 | Build | Farm |
| 23:47 | Research | Castle Age |
| 23:53 | Build | Stable |
| 23:58 | Build | Barracks |
| 24:06 | Research | Forging |
| 24:08 | Research | Horse Collar |
| 24:21 | Build | Mining Camp |
| 24:39 | Build | Lumber Camp |
| 25:29 | Create | Scout Cavalry |
| 25:32 | Research | Man-at-Arms (upgrade) |
| 25:59 | Research | Wheelbarrow |
| 26:13 | Create | Scout Cavalry |
| 26:27 | Age | Castle Age |
| 26:33 | Research | Pikeman (upgrade) |
| 27:01 | Create | Villager (Male) |
| 27:02 | Create | Villager (Male) |
| 27:35 | Create | Villager (Male) |
| 27:35 | Create | Villager (Male) |
| 28:14 | Create | Villager (Male) |
| 28:14 | Create | Villager (Male) |
| 28:49 | Build | Archery Range |
| 28:53 | Create | Villager (Male) |
| 29:07 | Build | Town Center |
| 29:13 | Create | Villager (Male) |
| 29:17 | Build | Farm |
| 29:38 | Build | Castle |
| 29:40 | Research | Elite Skirmisher (upgrade) |
| 29:44 | Research | Fletching |
| 29:46 | Research | Padded Archer Armor |
| 29:48 | Research | Heavy Plow |
| 29:51 | Research | Bow Saw |
| 30:33 | Create | Skirmisher |
| 30:33 | Create | Skirmisher |
| 30:33 | Create | Skirmisher |
| 30:33 | Create | Skirmisher |
| 30:49 | Build | House |
| 30:55 | Create | Spearman |
| 30:55 | Create | Spearman |
| 30:59 | Create | Skirmisher |
| 31:00 | Create | Skirmisher |
| 31:11 | Create | Villager (Male) |
| 31:12 | Create | Villager (Male) |
| 31:21 | Create | Knight |
| 31:21 | Create | Knight |
| 31:26 | Create | Skirmisher |
| 31:33 | Build | Barracks |
| 31:39 | Build | Farm |
| 31:42 | Create | Villager (Male) |
| 31:44 | Create | Villager (Male) |
| 31:55 | Create | Spearman |
| 31:56 | Create | Spearman |
| 32:31 | Create | Spearman |
| 32:45 | Create | Knight |
| 32:52 | Create | Spearman |
| 33:15 | Create | Skirmisher |
| 33:15 | Create | Skirmisher |
| 34:31 | Create | Skirmisher |
| 34:32 | Create | Skirmisher |
| 35:39 | Create | Villager (Male) |
| 35:46 | Build | Castle |
| 35:49 | Create | Villager (Male) |
| 35:49 | Create | Villager (Male) |
| 35:51 | Create | Villager (Male) |
| 35:51 | Create | Villager (Male) |
| 35:53 | Create | Villager (Male) |
| 36:02 | Build | Siege Workshop |
| 36:16 | Build | House |
| 36:49 | Build | Mining Camp |
| 36:52 | Research | Squires |
Build order — David65423
First 150 of 1000 actions detected
| 0:10 | Build | House |
| 0:12 | Build | House |
| 1:06 | Build | Town Center |
| 1:16 | Build | Mill |
| 3:10 | Research | Loom |
| 3:43 | Create | Villager (Male) |
| 4:11 | Create | Villager (Male) |
| 4:11 | Create | Villager (Male) |
| 4:35 | Create | Villager (Male) |
| 5:01 | Create | Villager (Male) |
| 5:29 | Create | Villager (Male) |
| 5:59 | Create | Villager (Male) |
| 6:00 | Create | Villager (Male) |
| 6:32 | Create | Villager (Male) |
| 6:33 | Create | Villager (Male) |
| 6:33 | Create | Villager (Male) |
| 7:23 | Create | Villager (Male) |
| 7:24 | Create | Villager (Male) |
| 7:55 | Create | Villager (Male) |
| 8:10 | Build | House |
| 8:14 | Create | Villager (Male) |
| 8:15 | Create | Villager (Male) |
| 8:33 | Create | Villager (Male) |
| 8:34 | Create | Villager (Male) |
| 8:49 | Build | Mill |
| 9:06 | Create | Villager (Male) |
| 9:44 | Build | Mill |
| 10:00 | Create | Villager (Male) |
| 10:38 | Build | Mill |
| 11:04 | Create | Villager (Male) |
| 11:04 | Create | Villager (Male) |
| 11:25 | Create | Villager (Male) |
| 11:56 | Build | Mining Camp |
| 12:24 | Create | Villager (Male) |
| 12:24 | Create | Villager (Male) |
| 12:24 | Create | Villager (Male) |
| 12:38 | Build | Mill |
| 12:43 | Create | Villager (Male) |
| 12:43 | Create | Villager (Male) |
| 12:59 | Build | House |
| 13:49 | Build | House |
| 13:51 | Research | Feudal Age |
| 14:14 | Create | Villager (Male) |
| 14:14 | Create | Villager (Male) |
| 14:21 | Build | House |
| 14:27 | Build | Palisade Wall |
| 14:31 | Build | Palisade Gate |
| 15:19 | Create | Villager (Male) |
| 15:52 | Build | House |
| 16:11 | Build | Market |
| 16:33 | Build | Blacksmith |
| 16:38 | Create | Villager (Male) |
| 16:47 | Build | Palisade Wall |
| 17:06 | Build | Mill |
| 17:10 | Research | Castle Age |
| 17:29 | Research | Horse Collar |
| 18:01 | Build | Mill |
| 18:18 | Build | Mining Camp |
| 18:36 | Build | Mill |
| 18:42 | Create | Villager (Male) |
| 18:42 | Create | Villager (Male) |
| 18:42 | Create | Villager (Male) |
| 19:27 | Research | Stone Mining |
| 19:33 | Create | Villager (Male) |
| 20:11 | Build | Town Center |
| 20:17 | Build | Lumber Camp |
| 20:41 | Create | Villager (Male) |
| 20:55 | Research | Double-Bit Axe |
| 21:07 | Create | Villager (Male) ×5 |
| 21:26 | Research | Bow Saw |
| 21:53 | Research | Wheelbarrow |
| 22:07 | Create | Villager (Male) |
| 22:07 | Create | Villager (Male) |
| 22:13 | Build | Town Center |
| 22:29 | Create | Villager (Male) |
| 22:30 | Create | Villager (Male) |
| 22:30 | Create | Villager (Male) |
| 22:49 | Research | Stone Shaft Mining |
| 23:04 | Create | Villager (Male) |
| 23:04 | Create | Villager (Male) |
| 23:17 | Build | Town Center |
| 23:24 | Create | Villager (Male) |
| 23:24 | Create | Villager (Male) |
| 23:25 | Create | Villager (Male) |
| 23:48 | Build | Barracks |
| 24:08 | Build | Mill |
| 24:18 | Build | Farm |
| 24:21 | Build | Farm |
| 24:25 | Build | Farm |
| 24:27 | Create | Villager (Male) ×2 |
| 24:31 | Build | House |
| 24:32 | Build | House |
| 24:33 | Build | House |
| 24:40 | Create | Villager (Male) ×4 |
| 24:41 | Create | Villager (Male) ×4 |
| 24:57 | Research | Heavy Plow |
| 25:03 | Build | Farm |
| 25:35 | Create | Villager (Male) |
| 25:51 | Create | Spearman |
| 25:51 | Create | Spearman |
| 25:55 | Build | Farm |
| 25:56 | Build | Farm |
| 26:16 | Build | Castle |
| 26:18 | Create | Villager (Male) |
| 26:18 | Create | Villager (Male) |
| 26:33 | Build | Farm |
| 26:34 | Build | Farm |
| 26:34 | Build | Farm |
| 26:35 | Build | Farm |
| 26:37 | Build | Farm |
| 26:40 | Build | Farm |
| 26:41 | Build | Farm |
| 26:43 | Create | Villager (Male) |
| 26:43 | Create | Villager (Male) |
| 26:55 | Build | House |
| 26:56 | Build | House |
| 26:57 | Build | House |
| 27:01 | Build | Palisade Gate |
| 27:03 | Build | House |
| 27:08 | Research | Hand Cart |
| 27:16 | Create | Spearman |
| 27:16 | Create | Spearman |
| 27:28 | Build | Farm |
| 27:29 | Build | Farm |
| 27:35 | Create | Villager (Male) ×5 |
| 27:38 | Create | Chu Ko Nu ×5 |
| 27:47 | Create | Villager (Male) |
| 27:51 | Create | Spearman |
| 28:07 | Create | Chu Ko Nu |
| 28:07 | Create | Chu Ko Nu |
| 28:12 | Research | Town Watch |
| 28:21 | Build | Outpost |
| 28:25 | Create | Villager (Male) |
| 28:25 | Create | Villager (Male) |
| 28:33 | Build | Farm |
| 28:34 | Build | Farm |
| 28:52 | Build | Town Center |
| 28:56 | Create | Villager (Male) ×5 |
| 28:56 | Create | Villager (Male) ×5 |
| 29:04 | Build | Town Center |
| 29:14 | Create | Villager (Male) |
| 29:15 | Create | Villager (Male) |
| 29:21 | Build | Outpost |
| 29:31 | Create | Villager (Male) ×5 |
| 29:31 | Create | Villager (Male) ×5 |
| 29:42 | Build | Farm |
| 29:43 | Build | Farm |
| 29:43 | Build | Farm |
| 29:44 | Build | Farm |
| 29:46 | Build | Farm |
Build order — Unconet el chileno justiciero
10 actions detected in the replay
| 0:43 | Build | Town Center |
| 2:40 | Build | Lumber Camp |
| 3:17 | Create | Villager (Male) |
| 5:02 | Create | Villager (Male) |
| 5:36 | Build | House |
| 9:47 | Create | Villager (Male) |
| 10:27 | Build | Mill |
| 12:23 | Build | Farm |
| 15:27 | Research | Feudal Age |
| 17:31 | Age | Feudal Age |
Build order — Setren
First 150 of 205 actions detected
| 0:33 | Build | Town Center |
| 1:26 | Build | Town Center |
| 3:45 | Create | Villager (Male) |
| 3:45 | Create | Villager (Male) |
| 3:45 | Create | Villager (Male) |
| 3:46 | Create | Villager (Male) |
| 3:46 | Create | Villager (Male) |
| 3:49 | Build | House |
| 5:17 | Build | House |
| 5:24 | Create | Villager (Male) |
| 5:27 | Research | Loom |
| 5:42 | Build | Palisade Gate |
| 6:06 | Create | Villager (Male) |
| 6:06 | Create | Villager (Male) |
| 6:24 | Build | House |
| 6:40 | Create | Villager (Male) |
| 7:01 | Create | Villager (Male) |
| 7:08 | Create | Villager (Male) |
| 7:08 | Create | Villager (Male) |
| 7:44 | Create | Villager (Male) |
| 7:44 | Create | Villager (Male) |
| 8:33 | Create | Villager (Male) |
| 8:33 | Create | Villager (Male) |
| 8:33 | Create | Villager (Male) |
| 8:56 | Build | House |
| 9:02 | Build | House |
| 9:45 | Create | Villager (Male) |
| 9:55 | Build | House |
| 10:31 | Create | Villager (Male) |
| 10:54 | Build | Palisade Wall |
| 10:57 | Build | Palisade Gate |
| 11:01 | Build | House |
| 11:04 | Create | Villager (Male) |
| 11:08 | Create | Villager (Male) |
| 11:08 | Create | Villager (Male) |
| 11:18 | Build | Mill |
| 11:31 | Create | Villager (Male) |
| 11:51 | Create | Villager (Male) |
| 12:15 | Build | Palisade Wall |
| 12:16 | Create | Villager (Male) |
| 12:46 | Create | Villager (Male) |
| 12:49 | Build | Farm |
| 12:55 | Build | Lumber Camp |
| 13:07 | Build | Palisade Wall |
| 13:10 | Create | Villager (Male) |
| 13:17 | Build | Mining Camp |
| 13:46 | Build | Palisade Gate |
| 13:59 | Research | Feudal Age |
| 13:59 | Research | Feudal Age |
| 14:20 | Build | Farm |
| 14:23 | Build | Farm |
| 15:18 | Build | House |
| 15:58 | Build | Mining Camp |
| 16:10 | Age | Feudal Age |
| 16:12 | Create | Villager (Male) |
| 16:15 | Build | Blacksmith |
| 16:38 | Build | House |
| 16:40 | Create | Villager (Male) |
| 16:52 | Build | Market |
| 17:30 | Create | Villager (Male) |
| 17:43 | Build | Farm |
| 18:04 | Research | Castle Age |
| 18:10 | Build | Barracks |
| 18:30 | Build | Outpost |
| 18:56 | Build | Mining Camp |
| 19:22 | Build | Mill |
| 19:38 | Build | Outpost |
| 19:44 | Research | Man-at-Arms (upgrade) |
| 19:49 | Build | House |
| 20:19 | Build | Outpost |
| 20:24 | Build | Barracks |
| 20:26 | Create | Militia |
| 20:26 | Create | Militia |
| 20:26 | Create | Militia |
| 20:26 | Create | Militia |
| 20:26 | Create | Militia |
| 20:44 | Age | Castle Age |
| 20:51 | Build | Outpost |
| 21:00 | Create | Villager (Male) |
| 21:00 | Create | Villager (Male) |
| 21:09 | Build | Siege Workshop |
| 21:39 | Create | Villager (Male) |
| 21:50 | Create | Militia |
| 21:51 | Research | Long Swordsman (upgrade) |
| 22:12 | Build | Outpost |
| 22:15 | Create | Villager (Male) |
| 22:23 | Build | House |
| 22:27 | Create | Militia |
| 22:28 | Create | Militia |
| 22:29 | Create | Villager (Male) |
| 22:43 | Build | House |
| 23:00 | Build | Outpost |
| 23:07 | Create | Battering Ram |
| 23:09 | Create | Villager (Male) |
| 23:51 | Build | Town Center |
| 24:10 | Create | Militia |
| 24:11 | Create | Militia |
| 24:11 | Create | Militia |
| 24:11 | Create | Militia |
| 24:15 | Create | Villager (Male) |
| 24:16 | Create | Villager (Male) |
| 24:39 | Build | House |
| 24:49 | Create | Villager (Male) |
| 24:50 | Create | Villager (Male) |
| 25:13 | Create | Battering Ram |
| 25:18 | Create | Militia |
| 25:26 | Build | Farm |
| 25:32 | Build | Farm |
| 25:42 | Create | Villager (Male) |
| 26:05 | Create | Iron Pagoda |
| 26:08 | Create | Battering Ram |
| 26:10 | Create | Militia |
| 26:10 | Create | Militia |
| 26:14 | Create | Villager (Male) |
| 26:29 | Build | House |
| 26:56 | Create | Battering Ram |
| 26:59 | Research | Scale Mail Armor |
| 27:06 | Create | Villager (Male) |
| 27:06 | Create | Villager (Male) |
| 27:33 | Build | Mining Camp |
| 27:44 | Create | Militia |
| 27:44 | Create | Militia |
| 28:05 | Build | House |
| 28:11 | Create | Scorpion |
| 28:11 | Create | Scorpion |
| 28:15 | Create | Militia |
| 28:29 | Create | Scorpion |
| 28:32 | Create | Villager (Male) |
| 28:32 | Create | Villager (Male) |
| 28:34 | Build | Farm |
| 28:48 | Research | Double-Bit Axe |
| 29:07 | Create | Scorpion |
| 29:16 | Build | House |
| 29:17 | Build | House |
| 29:24 | Create | Villager (Male) |
| 30:11 | Create | Militia |
| 30:12 | Create | Militia |
| 30:16 | Create | Scorpion |
| 30:16 | Create | Scorpion |
| 30:31 | Create | Villager (Male) |
| 31:10 | Create | Scorpion |
| 31:32 | Research | Fletching |
| 31:33 | Create | Villager (Male) |
| 32:00 | Build | Castle |
| 32:12 | Create | Battering Ram |
| 33:01 | Create | Villager (Male) |
| 33:01 | Create | Villager (Male) |
| 33:01 | Create | Villager (Male) |
| 33:09 | Build | Farm |
| 33:10 | Build | Farm |
Build order — Lacoste
First 150 of 454 actions detected
| 0:59 | Build | Town Center |
| 1:43 | Build | House |
| 2:19 | Build | House |
| 3:07 | Create | Villager (Male) |
| 3:07 | Create | Villager (Male) |
| 3:07 | Create | Villager (Male) |
| 3:08 | Create | Villager (Male) |
| 3:08 | Create | Villager (Male) |
| 4:44 | Create | Villager (Male) |
| 4:44 | Create | Villager (Male) |
| 4:45 | Create | Villager (Male) |
| 4:58 | Build | House |
| 5:26 | Create | Villager (Male) |
| 5:27 | Create | Villager (Male) |
| 6:19 | Research | Loom |
| 6:20 | Create | Villager (Male) |
| 6:21 | Create | Villager (Male) |
| 6:27 | Build | House |
| 6:53 | Create | Villager (Male) |
| 7:34 | Create | Villager (Male) |
| 7:34 | Create | Villager (Male) |
| 8:07 | Create | Villager (Male) |
| 8:31 | Create | Villager (Male) |
| 9:03 | Build | Lumber Camp |
| 9:25 | Create | Villager (Male) |
| 9:38 | Create | Villager (Male) |
| 10:02 | Build | Mill |
| 10:14 | Create | Villager (Male) |
| 10:39 | Create | Villager (Male) |
| 11:02 | Create | Villager (Male) |
| 11:24 | Research | Feudal Age |
| 12:41 | Create | Villager (Male) |
| 12:41 | Create | Villager (Male) |
| 12:41 | Create | Villager (Male) |
| 12:49 | Build | House |
| 13:23 | Build | Mill |
| 13:40 | Age | Feudal Age |
| 13:48 | Build | Barracks |
| 13:55 | Build | Blacksmith |
| 14:41 | Create | Villager (Male) |
| 14:49 | Build | Stable |
| 15:06 | Create | Villager (Male) |
| 15:49 | Research | Castle Age |
| 16:02 | Research | Double-Bit Axe |
| 16:33 | Research | Horse Collar |
| 17:43 | Create | Villager (Male) |
| 17:58 | Create | Scout Cavalry |
| 18:02 | Build | House |
| 18:04 | Build | House |
| 18:24 | Build | Farm |
| 18:25 | Build | Farm |
| 18:26 | Build | Farm |
| 18:28 | Build | Farm |
| 18:29 | Age | Castle Age |
| 18:29 | Build | Farm |
| 18:31 | Build | Farm |
| 18:32 | Build | Farm |
| 18:33 | Build | Farm |
| 18:36 | Build | Farm |
| 18:40 | Create | Steppe Lancer |
| 18:47 | Create | Villager (Male) |
| 19:01 | Build | Siege Workshop |
| 19:06 | Create | Villager (Male) |
| 19:33 | Create | Villager (Male) |
| 19:41 | Create | Steppe Lancer |
| 19:51 | Create | Villager (Male) |
| 20:00 | Create | Mangonel |
| 20:11 | Build | Town Center |
| 20:18 | Create | Villager (Male) |
| 20:23 | Create | Steppe Lancer |
| 21:16 | Create | Villager (Male) |
| 21:16 | Create | Villager (Male) |
| 21:17 | Create | Villager (Male) |
| 21:53 | Create | Villager (Male) |
| 21:54 | Create | Villager (Male) |
| 21:59 | Build | Farm |
| 22:00 | Build | Farm |
| 22:03 | Build | Farm |
| 22:04 | Build | Farm |
| 22:05 | Build | Farm |
| 22:21 | Create | Villager (Male) |
| 22:21 | Create | Villager (Male) |
| 22:29 | Build | House |
| 22:31 | Build | House |
| 22:32 | Build | House |
| 22:41 | Build | Town Center |
| 23:08 | Create | Villager (Male) |
| 23:08 | Create | Villager (Male) |
| 23:37 | Build | Mining Camp |
| 23:43 | Create | Villager (Male) |
| 23:44 | Create | Villager (Male) |
| 23:46 | Create | Villager (Male) |
| 23:46 | Create | Villager (Male) |
| 23:48 | Create | Villager (Male) |
| 24:00 | Build | Farm |
| 24:01 | Build | Farm |
| 24:03 | Build | Farm |
| 24:05 | Build | Farm |
| 24:08 | Build | Farm |
| 24:10 | Build | Farm |
| 24:11 | Build | Farm |
| 24:26 | Create | Villager (Male) |
| 24:26 | Create | Villager (Male) |
| 24:26 | Create | Villager (Male) |
| 24:26 | Create | Villager (Male) |
| 24:34 | Build | House |
| 24:36 | Build | House |
| 24:36 | Build | House |
| 24:43 | Build | Farm |
| 24:46 | Create | Villager (Male) |
| 24:46 | Create | Villager (Male) |
| 24:51 | Create | Villager (Male) |
| 25:04 | Build | Outpost |
| 25:21 | Create | Villager (Male) |
| 25:21 | Create | Villager (Male) |
| 25:34 | Build | Outpost |
| 25:37 | Research | Town Watch |
| 25:57 | Create | Villager (Male) |
| 25:57 | Create | Villager (Male) |
| 25:57 | Create | Villager (Male) |
| 26:07 | Build | Town Center |
| 26:14 | Create | Villager (Male) |
| 26:14 | Create | Villager (Male) |
| 26:14 | Create | Villager (Male) |
| 26:32 | Build | Farm |
| 26:33 | Build | Farm |
| 26:34 | Build | Farm |
| 26:36 | Build | Farm |
| 26:38 | Build | Farm |
| 26:39 | Build | Farm |
| 26:44 | Research | Heavy Plow |
| 27:00 | Build | Farm |
| 27:02 | Build | Farm |
| 27:04 | Build | Farm |
| 27:06 | Build | Farm |
| 27:07 | Build | Farm |
| 27:14 | Create | Villager (Male) |
| 27:14 | Create | Villager (Male) |
| 27:15 | Create | Villager (Male) |
| 27:15 | Create | Villager (Male) |
| 27:16 | Create | Villager (Male) |
| 27:16 | Create | Villager (Male) |
| 27:26 | Build | House |
| 27:27 | Build | House |
| 27:28 | Build | House |
| 27:35 | Create | Villager (Male) |
| 27:35 | Create | Villager (Male) |
| 27:35 | Create | Villager (Male) |
| 27:51 | Build | House |
| 27:52 | Build | House |
Match timeline
| 3:27 | nahuelAOE2 · resign |
| 10:54 | Setren · wall_segment Palisade Wall x4 |
| 12:15 | Setren · wall_segment Palisade Wall x1 |
| 12:29 | iKhorzo · first_building Barracks |
| 13:07 | Setren · wall_segment Palisade Wall x4 |
| 13:35 | ianlu2 · first_building Barracks |
| 13:40 | Lacoste · age_up feudal |
| 13:48 | Lacoste · first_building Barracks |
| 14:08 | BumpDiRythM · age_up feudal |
| 14:27 | David65423 · wall_segment Palisade Wall x4 |
| 14:45 | iKhorzo · age_up feudal |
| 14:49 | Lacoste · first_building Stable |
| 14:49 | iKhorzo · wall_segment Stone Wall x12 |
| 15:03 | BumpDiRythM · first_building Barracks |
| 15:39 | iKhorzo · wall_segment Stone Wall x8 |
| 16:10 | Setren · age_up feudal |
| 16:47 | David65423 · wall_segment Palisade Wall x7 |
| 16:52 | ianlu2 · age_up feudal |
| 17:12 | ianlu2 · first_building Archery Range |
| 17:31 | Unconet el chileno justiciero · age_up feudal |
| 17:54 | iKhorzo · wall_segment Stone Wall x27 |
| 18:10 | Setren · first_building Barracks |
| 18:20 | iKhorzo · wall_segment Stone Wall x20 |
| 18:29 | Lacoste · age_up castle |
| 19:01 | Lacoste · first_building Siege Workshop |
| 19:18 | ianlu2 · first_building Stable |
| 19:42 | iKhorzo · first_market_sell 100 wood |
| 19:44 | BumpDiRythM · wall_segment Palisade Wall x4 |
| 20:22 | BumpDiRythM · wall_segment Palisade Wall x13 |
| 20:44 | Setren · age_up castle |
| 20:57 | BumpDiRythM · wall_segment Palisade Wall x3 |
| 21:09 | Setren · first_building Siege Workshop |
| 21:58 | BumpDiRythM · wall_segment Palisade Wall x2 |
| 22:01 | iKhorzo · wall_segment Stone Wall x1 |
| 22:19 | BumpDiRythM · wall_segment Palisade Wall x4 |
| 23:10 | iKhorzo · age_up castle |
| 23:15 | Setren · first_market_buy 100 wood |
| 23:48 | David65423 · first_building Barracks |
| 23:53 | BumpDiRythM · first_building Stable |
| 24:05 | ianlu2 · wall_segment Stone Wall x24 |
| 25:11 | ianlu2 · age_up castle |
| 25:52 | Setren · first_market_sell 100 stone |
| 26:04 | iKhorzo · first_building Castle |
| 26:16 | David65423 · first_building Castle |
| 26:24 | ianlu2 · first_building Siege Workshop |
| 26:27 | BumpDiRythM · age_up castle |
| 28:14 | Lacoste · wall_segment Stone Wall x7 |
| 28:31 | ianlu2 · wall_segment Stone Wall x16 |
| 28:49 | BumpDiRythM · first_building Archery Range |
| 28:50 | Lacoste · wall_segment Stone Wall x2 |
| 28:51 | Lacoste · wall_segment Stone Wall x3 |
| 28:53 | Lacoste · wall_segment Stone Wall x1 |
| 28:54 | Lacoste · wall_segment Stone Wall x1 |
| 28:58 | Lacoste · wall_segment Stone Wall x9 |
| 29:38 | BumpDiRythM · first_building Castle |
| 30:23 | Lacoste · wall_segment Stone Wall x7 |
| 31:16 | Lacoste · first_building Castle |
| 31:22 | David65423 · first_market_sell 500 wood |
| 31:29 | ianlu2 · first_building Castle |
| 31:30 | David65423 · first_building Siege Workshop |
| 32:00 | Setren · first_building Castle |
| 33:16 | Lacoste · wall_segment Stone Wall x6 |
| 33:18 | Lacoste · wall_segment Stone Wall x8 |
| 33:30 | Lacoste · wall_segment Stone Wall x16 |
| 33:52 | iKhorzo · first_building Archery Range |
| 34:11 | David65423 · first_market_buy 100 food |
| 36:02 | BumpDiRythM · first_building Siege Workshop |
| 36:07 | iKhorzo · first_building Monastery |
| 37:22 | ianlu2 · wall_segment Stone Wall x1 |
| 37:25 | Lacoste · age_up imperial |
| 40:09 | BumpDiRythM · wall_segment Stone Wall x1 |
| 40:29 | BumpDiRythM · age_up imperial |
| 40:58 | iKhorzo · first_building Siege Workshop |
| 40:59 | iKhorzo · age_up imperial |
| 41:31 | Lacoste · wall_segment Stone Wall x14 |
| 41:49 | David65423 · first_building Stable |
| 41:52 | ianlu2 · wall_segment Stone Wall x4 |
| 41:57 | ianlu2 · wall_segment Stone Wall x6 |
| 44:53 | Lacoste · first_building Archery Range |
| 44:59 | BumpDiRythM · first_market_buy 100 wood |
| 46:12 | David65423 · wall_segment Stone Wall x8 |
| 51:02 | iKhorzo · wall_segment Stone Wall x15 |
| 51:10 | David65423 · first_building Monastery |
| 51:54 | iKhorzo · wall_segment Stone Wall x34 |
| 51:57 | iKhorzo · wall_segment Stone Wall x4 |
| 52:50 | BumpDiRythM · first_building Monastery |
| 53:26 | iKhorzo · wall_segment Stone Wall x11 |
| 54:23 | iKhorzo · wall_segment Stone Wall x21 |
| 55:50 | David65423 · first_building Archery Range |
| 65:21 | iKhorzo · wall_segment Stone Wall x9 |
| 66:34 | ianlu2 · age_up imperial |
| 69:45 | iKhorzo · first_building Stable |
| 73:10 | BumpDiRythM · wall_segment Stone Wall x6 |
| 73:17 | BumpDiRythM · wall_segment Stone Wall x3 |
[ AI ANALYSIS · 1 CREDIT ]
What really happened in this match?
Wolo.gg analyzes every decision: build order, eco, micro, common mistakes by bracket. Personalized analysis on WhatsApp or Discord in 30 seconds.
Civ guide
Britons
Perfil
Jugador #9605220